Map: Cyber Forest LE

Players

Marsman

  • Race: Protoss Protoss
  • League: Master
  • Spawn Location: 11:00

Lambo - Winner!

  • Race: Zerg Zerg
  • League: Master
  • Spawn Location: 5:00

VOD

Have the link to the VOD?

Description

Time

  • Played on: Jan. 24, 2019, 11:16 a.m.
  • Length: 6:06
Show
View Real Time Build Order
Export as new Build Order

Marsman Protoss 

Build Orders: 1 Gate Expand 

Get SALT Encoding   

  12  0:02  Probe  
  13  0:14  Probe  
  14  0:21  Pylon  
  14  0:26  Probe  
  15  0:38  Probe  
  15  0:40  Gateway  
  16  0:46  Assimilator, Probe  
  16  0:54  Probe  
  18  1:08  Probe  
  19  1:20  Probe  
  20  1:28  Nexus  
  20  1:37  Cybernetics Core  
  20  1:39  Probe  
  21  1:46  Assimilator  
  21  1:52  Probe  
  22  1:56  Pylon  
  22  2:04  Stalker, Probe  
  25  2:17  Probe  
  26  2:24  Twilight Council  
  26  2:27  Warp Gate  
  26  2:29  Probe  
  27  2:35  Adept  
  29  2:37  Probe  
  29  2:41  Probe  
  31  2:45  Probe  
  31  2:47  Charge  
  32  2:58  Probe  
  32  3:01  Probe  
  32  3:05  Robotics Facility  
  34  3:11  Gateway, Probe  
  35  3:23  Probe  
  36  3:32  Gateway  
  36  3:36  Probe  
  36  3:38  Gateway  
  37  3:41  Gateway  
  37  3:42  Warp Prism  
  37  3:43  Gateway  
  39  3:56  Gateway  
  39  4:01  Gateway  
  39  4:04  Pylon  
  39  4:08  Pylon  
  39  4:17  Zealot x2  
  43  4:30  Pylon  
  43  4:40  Zealot  
  43  4:41  Zealot x5  
  55  4:50  Pylon  
  55  5:03  Zealot x6  
  61  5:18  Stalker x2  
  61  5:23  Zealot x2  
  61  5:24  Zealot x2  
  55  5:43  Zealot x2  
  55  5:44  Zealot x4  
  55  5:49  Zealot x2  
Show
View Real Time Build Order
Export as new Build Order

Lambo Zerg - Winner!

Build Orders: Hatch First 

Get SALT Encoding   

  12  0:00  Drone  
  13  0:12  Overlord  
  13  0:18  Drone  
  14  0:30  Drone x2  
  16  0:48  Hatchery  
  15  0:52  Drone  
  15  0:55  Drone  
  17  0:59  Drone  
  18  1:10  Extractor  
  17  1:14  Spawning Pool  
  17  1:17  Drone  
  17  1:21  Drone  
  18  1:28  Drone  
  19  1:38  Drone  
  20  1:49  Overlord  
  20  2:01  Queen x2, Zergling x4  
  26  2:11  Drone x2  
  28  2:21  Drone  
  29  2:24  Drone  
  30  2:37  Hatchery  
  30  2:38  Drone  
  30  2:44  Drone  
  31  2:45  Drone  
  31  2:48  Overlord  
  31  2:55  Drone x2  
  32  3:02  Queen  
  34  3:06  Drone x2  
  34  3:08  Lair  
  34  3:10  Drone  
  34  3:12  Drone  
  38  3:15  Drone x2  
  38  3:19  Drone  
  41  3:20  Drone  
  41  3:22  Drone  
  43  3:30  Roach Warren  
  43  3:31  Drone  
  43  3:34  Overlord  
  43  3:37  Extractor, Drone  
  43  3:38  Extractor  
  42  3:42  Drone x2  
  44  3:50  Drone x4  
  44  3:53  Drone  
  49  3:56  Drone  
  50  4:06  Drone x3  
  50  4:09  Overseer  
  53  4:12  Glial Reconstitution, Overlord  
  53  4:13  Roach  
  53  4:14  Roach  
  57  4:17  Overlord  
  57  4:20  Overlord  
  57  4:27  Spine Crawler  
  57  4:28  Roach  
  57  4:30  Overlord  
  58  4:32  Roach  
  58  4:33  Roach  
  58  4:37  Roach x2  
  66  4:41  Evolution Chamber  
  66  4:42  Roach  
  67  4:48  Roach x3  
  73  4:54  Roach x2  
  73  4:57  Roach x2  
  82  5:01  Roach x2  
  82  5:05  Roach  
  82  5:06  Roach  
  88  5:09  Roach  
  88  5:12  Roach x2  
  88  5:16  Roach  
  88  5:18  Roach  
  85  5:24  Roach x2  
  85  5:29  Roach x2  
  85  5:35  Roach x2  
  89  5:37  Roach  
  89  5:42  Overlord  
  89  5:45  Roach  
Tags
 
Add a new tag
Caveats
  • Supply blocks, unpowered buildings, or Contaminate may cause inaccurate times.
  • Supply counts are checked every 10 seconds.